 Dungeon Crawl Stone Soup version 0.17-a0-1714-g35622ae (webtiles) character file.

6427 SirGodfroy the Martial Artist (level 10, -6/86 HPs)
             Began as a Red Draconian Transmuter on Aug 23, 2015.
             Was an Elder of Makhleb.
             Killed by miscasting Blade Hands (16 damage)
             ... on level 10 of the Dungeon.
             The game lasted 00:44:34 (11972 turns).

SirGodfroy the Martial Artist (DrTm)               Turns: 11972, Time: 00:44:34

Health: -6/86      AC: 10    Str: 15    XL:     10   Next: 67%
Magic:  14/19      EV: 12    Int: 13    God:    Makhleb [****..]
Gold:   320        SH:  0    Dex: 16    Spells: 3 memorised, 12 levels left

rFire  + + .     SeeInvis .       - Unarmed
rCold  + . .     Clarity  .     (armour unavailable)
rNeg   . . .     SustAt   .     (no shield)
rPois  +         Gourm    .     (helmet restricted)
rElec  +         Spirit   .     t - +1 cloak
rCorr  +         Warding  .     o - +0 pair of gloves
rMut   .         Stasis   .     (no boots)
MR     .....                    j - amulet of faith
Stlth  +.........               (no ring)
                                D - +3 ring of strength

@: resistant, very slightly contaminated, slowed, very heavily drained, very
slow, not resistant to hostile enchantments, very unstealthy
A: breathe fire, unfitting armour, big wings, blurry vision 2, fire resistance
1, cold-blooded, AC +7
a: Breathe Fire, Fly, Minor Destruction, Lesser Servant of Makhleb, Major
Destruction, Renounce Religion


You were on level 10 of the Dungeon.
You worshipped Makhleb.
Makhleb was greatly pleased with you.
You were not hungry.

You visited 2 branches of the dungeon, and saw 11 of its levels.

You collected 320 gold pieces.

Inventory:

Missiles
 f - 39 arrows
 n - 17 arrows of frost
Armour
 o - a +0 pair of gloves (worn)
 t - a +1 cloak (worn)
Jewellery
 j - an amulet of faith (around neck)
 p - an uncursed amulet of regeneration
 D - a +3 ring of strength (left hand)
Magical devices
 s - a wand of fireball (8)
 v - a wand of random effects (30)
 B - a wand of paralysis (22)
Scrolls
 a - a scroll of recharging
 d - 4 scrolls of remove curse
 h - 3 scrolls of fear
 i - 2 scrolls of teleportation
 y - a scroll of enchant weapon
Potions
 e - a potion of haste
 l - a potion of lignification {unknown}
 q - a potion of agility {unknown}
 z - a potion of mutation
 A - a potion of cure mutation
 C - a potion of cancellation {unknown}
Books
 b - a book of Changes

   Spells                             Type                      Level
   a - Beastly Appendage              Transmutation                1
   b - Sticks to Snakes               Transmutation                2
   c - Spider Form                    Transmutation/Poison         3
   d - Ice Form                       Ice/Transmutation            4
   e - Blade Hands                    Transmutation                5
Comestibles
 c - 9 bread rations
 g - 2 chunks of flesh
 x - 2 meat rations
 G - 3 beef jerkies


   Skills:
 + Level 7.1(1.6) Fighting
 + Level 6.4(1.0) Dodging
 * Level 10.0(4.1) Unarmed Combat
 + Level 6.0(0.7) Spellcasting
 + Level 6.7(1.3) Transmutations
 * Level 2.7(0.0) Invocations


You had 12 spell levels left.
You knew the following spells:

 Your Spells              Type           Power        Failure   Level  Hunger
a - Beastly Appendage     Trmt           #.....       21%         1    ##.....
b - Spider Form           Trmt/Pois      #.........   77%         3    ####...
c - Blade Hands           Trmt           #.........   100%        5    ######.


Dungeon Overview and Level Annotations

Branches:
Dungeon (10/15)            Temple (1/1) D:7
   Lair: D:8-11         Orc: D:9-12

Altars:
Ashenzari
Cheibriados
Dithmenos
Elyvilon
Gozag
Kikubaaqudgha
Makhleb
Nemelex Xobeh
Okawaru
Qazlal
Ru
Sif Muna
Trog
Vehumet
Xom
Yredelemnul
Zin
The Shining One
Lugonu

Shops:
D:7 *

Annotations:
D:6 Eustachio
D:10 Sonja


Innate Abilities, Weirdness & Mutations

You can breathe blasts of fire.
Your fiery red scales are hard (AC +7).
Your body does not fit into most forms of armour.
Your flesh is heat resistant.
You are cold-blooded and may be slowed by cold attacks.
Your large and strong wings let you fly indefinitely.
Scrolls take you longer to read.


Message History

a curare-tipped needle; a white potion Drink which item? (? for menu, Esc to quit)
You feel better. Sonja hits you but does no damage.
You feel drained. Sonja misses you. Sonja hits you but does no damage.
You feel drained. Sonja hits you but does no damage.
You feel drained. Sonja misses you. Sonja barely misses you.
Drink which item? (? for menu, Esc to quit)
You feel protected. Sonja hits you but does no damage.
You feel drained. Sonja hits you but does no damage.
You feel drained. Sonja closely misses you. Sonja hits you but does no damage.
You feel drained. Sonja hits you but does no damage.
You feel drained. Sonja hits you but does no damage.
You feel drained.
Casting: Spider Form
Confirm with . or Enter, or press ? or * to list all spells.
The spell is very dangerous to cast!
Continue anyway?
You miscast Blade Hands.
You are very lightly contaminated with residual magic.
Your body is flooded with distortional energies!
You die...

####### #.....# #.###.#
## #.# #.# #.#
#####.###.# ##[#
#.......#.# ##.###.###
###.###.#.#.###.........
#...........(@K(...#.###
#.#.##.########...#....
#.#.##.# ##.#.####
#.#.##.#### #.###
#.#.......# #.#
#.####.##.# #+#
#.####.##.# #......##.#
######.##.#


You could see Sonja.

Vanquished Creatures
  Josephine (D:9)
  The ghost of dadoka the Martial Artist, an experienced OpTm (D:7)
  A two-headed ogre (D:9)
  A deep elf mage (D:9)
  A spriggan (D:8)
  2 hippogriffs
  4 wraiths
  Menkaure (D:6)
  2 sky beasts
  2 orc warriors
  4 ice beasts
  2 centaurs
  4 ogres
  A crocodile (D:8)
  7 giant frogs
  A big kobold (D:7)
  A wyvern zombie (D:8)
  A jelly (D:5)
  The ghost of Charly the Chopper, a weakling FoWr (D:4)
  8 wights
  3 crimson imps
  A giant frog zombie (D:9)
  6 hounds
  3 orc wizards
  A centaur skeleton (D:5)
  6 orc priests
  2 giant frog skeletons
  4 iguanas
  8 worker ants
  Natasha (D:2)
  A hound zombie (D:7)
  7 gnolls
  17 adders
  2 shadow imps
  An adder skeleton (D:5)
  2 worms (D:2)
  8 giant geckos
  27 orcs
  3 giant cockroaches (D:3)
  8 goblins
  6 hobgoblins
  34 jackals
  4 quokkas
  A ball python (D:3)
  10 bats
  7 giant newts
  12 kobolds
  A quokka zombie (D:5)
  4 rats
236 creatures vanquished.

Vanquished Creatures (others)
  2 orcs (D:9)
2 creatures vanquished.

Grand Total: 238 creatures vanquished

Notes
Turn   | Place    | Note
--------------------------------------------------------------
     0 | D:1      | SirGodfroy the Draconian Transmuter began the quest for the Orb.
     0 | D:1      | Reached XP level 1. HP: 16/16 MP: 3/3
     7 | D:1      | Noticed a polar bear
     7 | D:1      | Noticed a wyvern
     7 | D:1      | Noticed a salamander
     7 | D:1      | Noticed a lindwurm
   180 | D:1      | Reached XP level 2. HP: 10/23 MP: 5/5
  1262 | D:2      | Reached XP level 3. HP: 28/28 MP: 3/6
  1341 | D:2      | Found a glowing silver altar of Zin.
  1782 | D:2      | Found a bloodstained altar of Trog.
  2305 | D:3      | Noticed Natasha
  2322 | D:2      | Killed Natasha
  2322 | D:2      | Reached XP level 4. HP: 31/36 MP: 7/7
  2596 | D:3      | Reached skill level 4 in Unarmed Combat
  3097 | D:3      | Reached XP level 5. HP: 38/41 MP: 8/8
  3187 | D:3      | Found a basalt altar of Yredelemnul.
  3187 | D:3      | Found a glowing golden altar of the Shining One.
  3188 | D:3      | Found a shadowy altar of Dithmenos.
  3697 | D:4      | Noticed Charly's ghost (weakling FoWr)
  3742 | D:4      | Learned a level 3 spell: Spider Form
  3885 | D:4      | Killed Charly's ghost
  3912 | D:5      | Entered Level 5 of the Dungeon
  4109 | D:4      | Reached XP level 6. HP: 34/50 MP: 10/10
  4874 | D:4      | Found a sacrificial altar of Ru.
  5364 | D:5      | Reached skill level 5 in Unarmed Combat
  5457 | D:5      | Your scales start taking on a fiery red colour.
  5457 | D:5      | Gained mutation: Your flesh is heat resistant. [Red Draconian growth]
  5457 | D:5      | Reached XP level 7. HP: 49/57 MP: 7/11
  5587 | D:5      | Found a burning altar of Makhleb.
  5604 | D:5      | Became a worshipper of Makhleb the Destroyer
  5713 | D:5      | Noticed an ice beast
  5765 | D:5      | Killed an ice beast
  6045 | D:5      | Acquired Makhleb's first power
  6380 | D:6      | Reached skill level 6 in Unarmed Combat
  6494 | D:6      | Reached XP level 8. HP: 54/66 MP: 10/13
  6692 | D:6      | Noticed Eustachio
  7241 | D:6      | Reached skill level 7 in Unarmed Combat
  7431 | D:6      | Noticed Menkaure
  7443 | D:6      | Killed Menkaure
  7443 | D:6      | Reached skill level 5 in Transmutations
  7841 | D:6      | Acquired Makhleb's second power
  7841 | D:6      | Reached skill level 5 in Fighting
  8113 | D:7      | Found an iron altar of Okawaru.
  8265 | D:7      | Reached XP level 9. HP: 45/74 MP: 11/15
  8273 | D:7      | Noticed dadoka's ghost (experienced OpTm)
  8397 | D:7      | Reached skill level 5 in Dodging
  8562 | D:7      | Found a radiant altar of Vehumet.
  8565 | D:7      | Found a staircase to the Ecumenical Temple.
  8582 | Temple   | Entered the Ecumenical Temple
  8642 | Temple   | Gained mutation: Scrolls take you a little longer to read. [potion of mutation]
  8642 | Temple   | Gained mutation: Your large and strong wings let you fly indefinitely. [potion of mutation]
  8642 | Temple   | Gained mutation: Scrolls take you longer to read. [potion of mutation]
  8667 | Temple   | Learned a level 5 spell: Blade Hands
  8754 | D:7      | HP: 1/74 [dadoka's ghost (11)]
  9157 | D:7      | Killed dadoka's ghost
  9157 | D:7      | Reached skill level 8 in Unarmed Combat
  9157 | D:7      | Reached skill level 5 in Spellcasting
  9446 | D:7      | Found Duham's Assorted Antiques.
  9718 | D:8      | Found a snail-covered altar of Cheibriados.
  9733 | D:8      | Acquired Makhleb's third power
 10057 | D:8      | Found an iron altar of Okawaru.
 10059 | D:8      | Found a sparkling altar of Nemelex Xobeh.
 10060 | D:8      | Found an opulent altar of Gozag.
 10061 | D:8      | Found a snail-covered altar of Cheibriados.
 10061 | D:8      | Found an ancient bone altar of Kikubaaqudgha.
 10162 | D:8      | Reached skill level 9 in Unarmed Combat
 10281 | D:8      | Reached XP level 10. HP: 83/83 MP: 6/18
 10651 | D:9      | Acquired Makhleb's fourth power
 11095 | D:10     | Entered Level 10 of the Dungeon
 11095 | D:10     | Noticed Josephine
 11745 | D:9      | Reached skill level 1 in Invocations
 11808 | D:9      | Killed Josephine
 11808 | D:9      | Reached skill level 10 in Unarmed Combat
 11952 | D:10     | Noticed Sonja
 11969 | D:10     | HP: 4/86 [Sonja/uncursed short sword of draining (2)]
 11972 | D:10     | Killed by miscasting Blade Hands

Vault maps used:
D:1:      onia_arrival_zoo_common
D:2:      nicolae_overflow_crystal_walls, old_standard_altar, grunt_ministairs_6
D:3:      gammafunk_temple_overflow_claw, first_bread, uniq_natasha
D:4:      nicolae_ru_the_path_less_chosen
D:5:      lemuel_doored_altar
D:6:      uniq_menkaure, uniq_eustachio
D:7:      nicolae_overflow_hidden_temple, minmay_temple_entry_glass,
          basic_altar, serial_shops, nicolae_shop_stone
D:8:      grunt_temple_overflow_open, the_bakery, cheibriados_altar_1
D:10:     uniq_josephine, uniq_sonja, uniq_snorg, uniq_urug
Temple:   corrupted_temple

Action                   |  1- 3 |  4- 6 |  7- 9 | 10-12 || total
-------------------------+-------+-------+-------+-------++-------
Melee: Unarmed           |   111 |   253 |   453 |   152 ||   969
       Short sword       |    31 |       |       |       ||    31
 Cast: Beastly Appendage |    24 |    22 |    15 |     1 ||    62
       Spider Form       |       |    11 |    43 |    20 ||    74
       Blade Hands       |       |       |     2 |       ||     2
  Use: Scroll            |     5 |       |    10 |     5 ||    20
       Potion            |       |     5 |     6 |     4 ||    15
 Stab: Sleeping          |       |     1 |       |       ||     1
  Eat: Chunk             |     4 |    14 |    16 |     8 ||    42
       Fruit             |       |       |     5 |       ||     5
       Pizza             |       |       |     1 |       ||     1
